 Dungeon Crawl Stone Soup version 0.30-a0-354-g6b83867211 (webtiles) character file.

Game seed: 13277743563617346586

222 koil the Sneak (level 5, -1/25 HPs)
             Began as a Spriggan Enchanter on Nov 8, 2022.
             Was an Initiate of Vehumet.
             Slain by an ogre
             ... wielding a +0 giant club
              (26 damage)
             ... on level 4 of the Dungeon.
             The game lasted 00:10:21 (3589 turns).

koil the Sneak (Spriggan Enchanter)                 Turns: 3589, Time: 00:10:22

Health: -1/25      AC:  2    Str:  4    XL:     5   Next: 66%
Magic:  0/11       EV: 22    Int: 19    God:    Vehumet [......]
Gold:   114        SH:  0    Dex: 15    Spells: 3/11 levels left

rFire   . . .      SeeInvis +    l - +1 rapier (holy)
rCold   . . .      Faith    .    (no shield)
rNeg    . . .      Spirit   .    b - +0 robe
rPois   .          Reflect  .    (helmet restricted)
rElec   .          Harm     .    (no cloak)
rCorr   .          Rampage  .    (gloves unavailable)
Will    .....                    (boots unavailable)
Stlth   +++.......               (no amulet)
HPRegen 0.24/turn                g - +4 ring of evasion
MPRegen 0.12/turn                (no ring)

@: very quick
A: very small, no large weapons, unfitting armour, see invisible, speed 3
a: Renounce Religion


You were on level 4 of the Dungeon.
You worshipped Vehumet.
Vehumet was noncommittal.
You visited 2 branches of the dungeon, and saw 5 of its levels.

You collected 114 gold pieces.

Inventory:

Hand Weapons
 a - a +2 spectral dagger
 l - a +1 rapier of holy wrath (weapon)
Missiles
 p - 4 poisoned darts (quivered)
Armour
 b - a +0 robe (worn)
 m - a +1 robe
Jewellery
 g - a +4 ring of evasion (left hand)
Wands
 o - a wand of flame (26)
Scrolls
 h - a scroll of brand weapon
Potions
 c - 4 potions of invisibility
 f - 2 potions of curing
 i - a potion of ambrosia
 t - 2 potions of resistance
 u - a potion of berserk rage


   Skills:
 + Level 1.3 Fighting
 + Level 2.5 Short Blades
 + Level 3.9 Dodging
 + Level 5.4 Stealth
 + Level 3.6 Spellcasting
 + Level 1.3 Conjurations
 + Level 4.4 Hexes


You had 3 spell levels left.
You knew the following spells:

 Your Spells              Type           Power      Damage    Failure   Level
a - Ensorcelled Hibernat  Hex/Ice        22%        N/A       9%          2
b - Confusing Touch       Hex            20%        N/A       7%          3
c - Dazzling Flash        Conj/Hex       28%        N/A       13%         3

Your spell library contained the following spells:

 Spells                   Type           Power      Damage    Failure   Level
 Tukima's Dance           Hex            20%        N/A       7%          3


Dungeon Overview and Level Annotations

Branches:
Dungeon (4/15)             Temple (1/1) D:4

Altars:
Ashenzari
Cheibriados
Makhleb
Qazlal
Uskayaw
Vehumet
Wu Jian


Innate Abilities, Weirdness & Mutations

You are very small and have problems with some larger weapons.
You are too small for most types of armour.
You have supernaturally acute eyesight. (SInv)
You cover ground extremely quickly. (Speed+++)


Message History

You are very lightly contaminated with residual magic.
Nothing appears to happen.
Casting: Ensorcelled Hibernation (safe; 9% risk of failure)
Confirm with . or Enter, or press ? or * to list all spells.
Aiming: Ensorcelled Hibernation (safe; 9% risk of failure)
Press: ? - help, Shift-Dir - straight line, f/p - ogre
Aim: an ogre, wielding a +0 giant club (lightly wounded, chance to affect: 45%)
The ogre resists with some effort.
Casting: Ensorcelled Hibernation (safe; 9% risk of failure)
Confirm with . or Enter, or press ? or * to list all spells.
Aiming: Ensorcelled Hibernation (safe; 9% risk of failure)
Press: ? - help, Shift-Dir - straight line, f/p - ogre
Aim: an ogre, wielding a +0 giant club (lightly wounded, chance to affect: 45%)
The ogre resists with some effort.
Casting: Ensorcelled Hibernation (safe; 9% risk of failure)
Confirm with . or Enter, or press ? or * to list all spells.
Aiming: Ensorcelled Hibernation (safe; 9% risk of failure)
Press: ? - help, Shift-Dir - straight line, f/p - ogre
Aim: an ogre, wielding a +0 giant club (lightly wounded, chance to affect: 45%)
The ogre resists with some effort.
Your magical contamination has completely faded away.
The ogre completely misses you.
Casting: Ensorcelled Hibernation (safe; 9% risk of failure)
Confirm with . or Enter, or press ? or * to list all spells.
Aiming: Ensorcelled Hibernation (safe; 9% risk of failure)
Press: ? - help, Shift-Dir - straight line, f/p - ogre
Aim: an ogre, wielding a +0 giant club (lightly wounded, chance to affect: 45%)
The ogre resists with some effort.
Casting: Ensorcelled Hibernation (safe; 9% risk of failure)
Confirm with . or Enter, or press ? or * to list all spells.
Aiming: Ensorcelled Hibernation (safe; 9% risk of failure)
Press: ? - help, Shift-Dir - straight line, f/p - ogre
Aim: an ogre, wielding a +0 giant club (lightly wounded, chance to affect: 45%)
The ogre looks drowsy...
The helpless ogre fails to defend itself.
You impale the ogre!!
The ogre is severely wounded.
The ogre hits you with a +0 giant club!!
Ouch! That really hurt!
You die...

## #.#### #...=# #..?.#
.......#....+ ......#....#
......##..# #.....#.@#####
#.....#..O.).#
+.....#......##
#.....#.......# ###
#.....#####..##
###.######'#.....##..#
...........#.....#...#######
...........+.....#...#.....#
.##.######.#.....##.<#.....#


You could see an ogre.

Vanquished Creatures
  A scorpion (D:3)
  An iguana (D:3)
  7 adders
  A worm (D:2)
  A dart slug (D:3)
  An orc (D:3)
  11 endoplasms
  3 giant cockroaches
  4 goblins
  6 hobgoblins
  8 jackals
  3 quokkas
  4 ball pythons
  4 bats
  2 frilled lizards
  6 kobolds
  2 rats
65 creatures vanquished.

Notes
Turn   | Place    | Note
-------+----------+-------------------------------------------
     0 | D:1      | koil the Spriggan Enchanter began the quest for the Orb.
     0 | D:1      | Reached XP level 1. HP: 9/9 MP: 5/5
   265 | D:1      | Reached XP level 2. HP: 4/13 MP: 6/6
   387 | D:1      | Learned a level 2 spell: Ensorcelled Hibernation
  1256 | D:2      | Reached XP level 3. HP: 17/17 MP: 4/8
  1372 | D:2      | Learned a level 3 spell: Confusing Touch
  1640 | D:2      | Learned a level 3 spell: Dazzling Flash
  1911 | D:2      | Reached XP level 4. HP: 10/21 MP: 4/9
  2146 | D:3      | Reached skill level 5 in Stealth
  2281 | D:3      | Reached skill level 1 in Fighting
  2281 | D:3      | Reached skill level 1 in Conjurations
  2562 | D:3      | Reached XP level 5. HP: 25/25 MP: 11/11
  2654 | D:3      | Found a stormy altar of Qazlal.
  3132 | D:4      | Found a staircase to the Ecumenical Temple.
  3143 | Temple   | Entered the Ecumenical Temple
  3269 | Temple   | Became a worshipper of Vehumet
  3477 | D:4      | Noticed an ogre
  3589 | D:4      | Slain by an ogre

Illustrated notes

Levels and vault maps discovered:
D:1:      co_arrival_random_square_maze, layout_basic, minmay_misc_feat_square,
          chequers_serial_rivers_marsh
D:2:      layout_basic, kennysheep_generic_room_4
D:3:      layout_loops_cross, mainiacjoe_overflow_paths
D:4:      kennysheep_slugbush, layout_gridville,
          grunt_temple_overflow_growth_and_decay,
          mainiacjoe_overflow_concentric_impassable,
          minmay_temple_entry_glassed_door, minmay_quantized
Temple:   nicolae_temple_two_arcs

Skill      XL: |  1  2  3  4 |
---------------+-------------+-----
Dodging        | 3 |  3.9
Spellcasting   | 3 |  3.6
Hexes          | 4 |  4.4
Short Blades   | 2 |  2.5
Stealth        | 5 |  5.4
Fighting       | 1 |  1.3
Conjurations   | 1 |  1.3

Action                   |  1- 3 |  4- 6 || total
-------------------------+-------+-------++-------
Melee: Dagger            |   131 |    11 ||   142
       Rapier            |       |    44 ||    44
 Cast: Ensorcelled Hiber |    21 |    21 ||    42
  Use: Scroll            |       |    12 ||    12
       Potion            |       |     1 ||     1
 Stab: Sleeping          |    20 |    16 ||    36
Armor: Robe              |    16 |     2 ||    18
Dodge: Dodged            |   134 |    37 ||   171

Table legend: (Time is in decaauts)
 A = Elapsed time spent in this place.
 B = Non-inter-level travel time spent in this place.
 C = Inter-level travel time spent in this place.
 D = Time resting spent in this place.
 E = Time spent auto-exploring this place.
 F = Levels seen in this place.
 G = Mean time per level.
                   A        B        C        D        E       F      G
               +--------+--------+--------+--------+--------+-----+--------+
         Total |   2627 |   2584 |     43 |    333 |   1677 |   5 |  525.4 |
       Dungeon |   2482 |   2453 |     29 |    297 |   1613 |   4 |  620.5 |
        Temple |    144 |    130 |     14 |     36 |     63 |   1 |  144.0 |
               +--------+--------+--------+--------+--------+-----+--------+

Top non-repeatable levels by time:
     D:1: 934 daAuts
     D:3: 697 daAuts
     D:2: 664 daAuts
     D:4: 186 daAuts
  Temple: 144 daAuts
